[ AOE2 MATCH · #505609555 ]
UnrankedMongols vs Tupi
Player's team · LOSS
Rival team · WIN
[ REPLAY ANALYSIS · EXTRACTED FROM THE RECORDED GAME ]
Feudal
10:01
Castle
22:10
Imperial
34:43
| APM avg | 58.8 |
| APM peak | 109 |
| eAPM avg | 31.6 |
| Villagers / military | 152 / 182 |
Focus
⚔️ 48.5% · 🌾 51.5%
Mangudai ×99 · Scout Cavalry ×31 · Mangonel ×19 · Trebuchet (Packed) ×11 · Archer ×10 · Militia ×8
Feudal
10:39
Castle
22:25
Imperial
32:35
| APM avg | 58.2 |
| APM peak | 94 |
| eAPM avg | 31.0 |
| Villagers / military | 202 / 51 |
Focus
⚔️ 44.7% · 🌾 55.3%
Unknown (2550) ×239 · Unknown (2579) ×206 · Skirmisher ×34 · Trebuchet (Packed) ×10 · Spearman ×5 · Monk ×2
Match map
Initial resources + every placement click. Lines = walls · curves = elevation contours. ◆ gold · ⬟ stone · ● berries · ✦ relic · ◌ wall gap
Your base· ✓ Closed at 22:10 · 38t walls · no gate
Hoanginator's base· ✓ Closed at 22:25 · 75t walls · 1 gate(s)
Smoothed initial terrain · ◌ = detected wall gap · hover for details
Inputs per minute
— [R1] Pume - - Hoanginator
Build order — [R1] Pume
First 150 of 554 actions detected
| 0:00 | Create | Villager (Male) |
| 0:02 | Build | House |
| 0:02 | Create | Villager (Male) |
| 0:04 | Build | House |
| 0:06 | Create | Villager (Male) |
| 0:07 | Create | Villager (Male) |
| 1:28 | Build | Lumber Camp |
| 1:30 | Create | Villager (Male) |
| 1:58 | Create | Villager (Male) |
| 2:38 | Create | Villager (Male) |
| 2:41 | Create | Villager (Male) |
| 3:07 | Build | House |
| 3:11 | Create | Villager (Male) |
| 3:12 | Create | Villager (Male) |
| 3:18 | Build | Palisade Wall |
| 3:33 | Build | House |
| 3:35 | Create | Villager (Male) |
| 3:35 | Create | Villager (Male) |
| 3:47 | Build | Palisade Wall |
| 4:32 | Create | Villager (Male) |
| 4:41 | Build | Barracks |
| 4:53 | Create | Villager (Male) |
| 5:03 | Build | House |
| 5:30 | Create | Villager (Male) |
| 5:50 | Create | Militia |
| 5:50 | Create | Militia |
| 6:01 | Create | Villager (Male) |
| 6:20 | Build | Mill |
| 6:27 | Create | Villager (Male) |
| 6:54 | Create | Villager (Male) |
| 7:18 | Create | Villager (Male) |
| 7:48 | Build | Mining Camp |
| 7:52 | Research | Feudal Age |
| 7:52 | Research | Feudal Age |
| 8:11 | Create | Militia |
| 8:11 | Create | Militia |
| 8:14 | Research | Loom |
| 8:38 | Create | Militia |
| 9:03 | Build | House |
| 9:06 | Create | Militia |
| 9:07 | Create | Militia |
| 9:18 | Build | Mill |
| 9:32 | Create | Villager (Male) |
| 9:40 | Build | House |
| 10:01 | Age | Feudal Age |
| 10:06 | Research | Man-at-Arms (upgrade) |
| 10:25 | Create | Villager (Male) |
| 10:29 | Build | Archery Range |
| 10:50 | Create | Villager (Male) |
| 11:04 | Create | Villager (Male) |
| 11:07 | Build | Farm |
| 11:13 | Create | Archer |
| 11:19 | Create | Militia |
| 11:22 | Create | Villager (Male) |
| 11:29 | Build | House |
| 11:30 | Build | Palisade Wall |
| 11:40 | Create | Villager (Male) |
| 11:44 | Create | Archer |
| 11:53 | Create | Archer |
| 12:17 | Create | Archer |
| 12:18 | Create | Villager (Male) |
| 12:28 | Build | Blacksmith |
| 12:34 | Create | Archer |
| 12:37 | Create | Villager (Male) |
| 12:39 | Build | Farm |
| 12:51 | Build | House |
| 12:52 | Build | Palisade Wall |
| 13:04 | Build | Farm |
| 13:07 | Create | Archer |
| 13:29 | Research | Fletching |
| 13:30 | Research | Fletching |
| 13:32 | Build | Farm |
| 13:33 | Build | Farm |
| 13:53 | Create | Archer |
| 13:53 | Create | Villager (Male) |
| 13:56 | Build | Watch Tower |
| 14:07 | Create | Villager (Male) |
| 14:07 | Create | Villager (Male) |
| 14:23 | Build | Palisade Wall |
| 14:24 | Create | Villager (Male) |
| 14:25 | Build | Farm |
| 14:36 | Build | Palisade Wall |
| 14:39 | Create | Villager (Male) |
| 14:55 | Create | Archer |
| 14:55 | Create | Archer |
| 15:02 | Build | Palisade Wall |
| 15:06 | Build | Farm |
| 15:07 | Create | Villager (Male) |
| 15:14 | Build | House |
| 15:18 | Build | Farm |
| 15:19 | Create | Archer |
| 15:28 | Create | Villager (Male) |
| 15:32 | Create | Villager (Male) |
| 15:36 | Build | Farm |
| 15:42 | Research | Double-Bit Axe |
| 15:42 | Research | Double-Bit Axe |
| 15:58 | Build | House |
| 16:20 | Build | Farm |
| 16:25 | Create | Villager (Male) |
| 16:27 | Build | Palisade Wall |
| 16:33 | Create | Villager (Male) |
| 16:35 | Build | Palisade Wall |
| 16:46 | Build | Mining Camp |
| 16:46 | Create | Villager (Male) |
| 16:49 | Build | House |
| 16:53 | Build | Palisade Wall |
| 16:55 | Build | Palisade Wall |
| 16:58 | Build | Farm |
| 16:59 | Create | Villager (Male) |
| 17:07 | Build | House |
| 17:14 | Build | Palisade Wall |
| 17:24 | Build | House |
| 17:30 | Research | Loom |
| 17:35 | Build | Palisade Wall |
| 17:40 | Build | House |
| 17:50 | Build | Lumber Camp |
| 18:07 | Create | Villager (Male) |
| 18:34 | Create | Villager (Male) |
| 18:44 | Build | Market |
| 19:00 | Create | Villager (Male) |
| 19:30 | Research | Castle Age |
| 19:30 | Research | Castle Age |
| 19:36 | Build | Lumber Camp |
| 19:55 | Research | Horse Collar |
| 19:56 | Research | Horse Collar |
| 20:04 | Build | Farm |
| 20:23 | Research | Gold Mining |
| 21:25 | Research | Padded Archer Armor |
| 21:45 | Build | Farm |
| 22:10 | Age | Castle Age |
| 22:16 | Build | Castle |
| 22:20 | Build | Palisade Wall |
| 22:24 | Create | Villager (Male) |
| 22:25 | Research | Bow Saw |
| 22:28 | Create | Villager (Male) |
| 22:34 | Build | Monastery |
| 22:35 | Create | Villager (Male) |
| 22:40 | Create | Villager (Male) |
| 22:49 | Create | Villager (Male) |
| 22:51 | Build | Farm |
| 22:57 | Build | Farm |
| 23:02 | Research | Bodkin Arrow |
| 23:02 | Research | Bodkin Arrow |
| 23:07 | Build | Farm |
| 23:09 | Build | Farm |
| 23:36 | Create | Mangudai |
| 23:37 | Create | Mangudai |
| 23:37 | Create | Mangudai |
| 23:38 | Create | Villager (Male) |
| 23:43 | Create | Villager (Male) |
Build order — Hoanginator
First 150 of 516 actions detected
| 0:00 | Create | Villager (Male) |
| 0:02 | Build | House |
| 0:02 | Build | House |
| 0:09 | Create | Villager (Male) |
| 0:10 | Create | Villager (Male) |
| 0:10 | Create | Villager (Male) |
| 1:02 | Create | Villager (Male) |
| 1:02 | Create | Villager (Male) |
| 1:39 | Create | Villager (Male) |
| 1:39 | Create | Villager (Male) |
| 1:50 | Build | Settlement |
| 1:59 | Create | Villager (Male) |
| 1:59 | Create | Villager (Male) |
| 2:00 | Create | Villager (Male) |
| 2:22 | Create | Villager (Male) |
| 2:23 | Create | Villager (Male) |
| 2:23 | Create | Villager (Male) |
| 2:50 | Create | Villager (Male) |
| 3:12 | Build | House |
| 3:33 | Create | Villager (Male) |
| 3:33 | Create | Villager (Male) |
| 3:34 | Create | Villager (Male) |
| 3:34 | Create | Villager (Male) |
| 3:34 | Create | Villager (Male) |
| 4:05 | Create | Villager (Male) |
| 4:05 | Create | Villager (Male) |
| 4:06 | Create | Villager (Male) |
| 4:24 | Build | Settlement |
| 4:37 | Create | Villager (Male) |
| 4:38 | Create | Villager (Male) |
| 4:59 | Create | Villager (Male) |
| 5:23 | Create | Villager (Male) |
| 5:24 | Create | Villager (Male) |
| 5:24 | Create | Villager (Male) |
| 5:35 | Create | Villager (Male) |
| 5:35 | Create | Villager (Male) |
| 5:52 | Create | Villager (Male) |
| 5:52 | Create | Villager (Male) |
| 5:52 | Create | Villager (Male) |
| 6:00 | Build | Barracks |
| 6:03 | Create | Villager (Male) |
| 6:03 | Create | Villager (Male) |
| 6:04 | Create | Villager (Male) |
| 6:12 | Create | Villager (Male) |
| 6:12 | Create | Villager (Male) |
| 6:31 | Build | House |
| 6:32 | Build | House |
| 6:57 | Build | House |
| 6:58 | Create | Unit 2550 |
| 6:58 | Create | Unit 2550 |
| 7:07 | Build | Palisade Wall |
| 7:19 | Research | Loom |
| 7:58 | Create | Villager (Male) |
| 7:59 | Create | Villager (Male) |
| 8:29 | Research | Feudal Age |
| 8:29 | Research | Feudal Age |
| 8:49 | Create | Unit 2550 |
| 8:49 | Create | Unit 2550 |
| 9:15 | Create | Unit 2550 |
| 9:31 | Build | Settlement |
| 9:34 | Create | Unit 2550 |
| 10:39 | Age | Feudal Age |
| 11:11 | Build | Archery Range |
| 11:12 | Create | Villager (Male) |
| 11:21 | Research | Tech 1402 |
| 11:21 | Research | Tech 1402 |
| 11:23 | Create | Villager (Male) |
| 11:37 | Create | Villager (Male) |
| 11:44 | Create | Skirmisher |
| 11:44 | Create | Skirmisher |
| 11:44 | Create | Skirmisher |
| 11:47 | Research | Double-Bit Axe |
| 12:19 | Create | Skirmisher |
| 12:19 | Create | Skirmisher |
| 12:19 | Create | Villager (Male) |
| 12:20 | Create | Villager (Male) |
| 12:22 | Create | Villager (Male) |
| 12:22 | Create | Villager (Male) |
| 12:25 | Build | Farm |
| 12:26 | Build | Farm |
| 12:36 | Create | Unit 2550 |
| 12:36 | Create | Unit 2550 |
| 12:52 | Build | House |
| 13:02 | Create | Villager (Male) |
| 13:29 | Create | Villager (Male) |
| 13:36 | Create | Skirmisher |
| 13:36 | Create | Skirmisher |
| 13:46 | Create | Villager (Male) |
| 13:48 | Build | House |
| 14:05 | Create | Skirmisher |
| 14:11 | Build | Farm |
| 14:15 | Create | Villager (Male) |
| 14:28 | Create | Villager (Male) |
| 14:31 | Build | House |
| 14:52 | Build | Settlement |
| 14:59 | Build | Palisade Wall |
| 15:01 | Build | Palisade Wall |
| 15:02 | Build | Palisade Wall |
| 15:03 | Build | Palisade Wall |
| 15:05 | Build | Palisade Wall |
| 15:06 | Build | Palisade Wall |
| 15:09 | Build | Palisade Wall |
| 15:15 | Create | Villager (Male) |
| 15:15 | Create | Villager (Male) |
| 15:31 | Build | Palisade Wall |
| 15:34 | Build | Palisade Wall |
| 15:34 | Build | Palisade Wall |
| 15:50 | Build | Palisade Wall |
| 15:56 | Build | Palisade Wall |
| 15:58 | Create | Villager (Male) |
| 15:58 | Create | Villager (Male) |
| 16:01 | Build | Farm |
| 16:23 | Build | Farm |
| 16:24 | Build | Farm |
| 16:47 | Create | Villager (Male) |
| 16:57 | Build | Palisade Wall |
| 17:03 | Create | Villager (Male) |
| 17:05 | Build | Farm |
| 17:12 | Build | Palisade Wall |
| 17:12 | Create | Villager (Male) |
| 17:18 | Build | Palisade Wall |
| 17:18 | Build | Palisade Wall |
| 17:28 | Build | Farm |
| 17:32 | Create | Villager (Male) |
| 17:46 | Build | Palisade Wall |
| 17:51 | Build | Farm |
| 17:52 | Create | Villager (Male) |
| 17:57 | Build | Palisade Wall |
| 17:58 | Build | Palisade Wall |
| 17:59 | Build | Palisade Wall |
| 18:14 | Create | Villager (Male) |
| 18:33 | Create | Villager (Male) |
| 18:46 | Build | Market |
| 18:47 | Build | Palisade Wall |
| 18:57 | Create | Villager (Male) |
| 19:02 | Build | Palisade Gate |
| 19:05 | Build | Palisade Wall |
| 19:21 | Build | Farm |
| 19:26 | Build | Farm |
| 19:28 | Research | Horse Collar |
| 19:45 | Research | Castle Age |
| 19:46 | Research | Castle Age |
| 19:46 | Research | Castle Age |
| 19:54 | Build | Farm |
| 19:55 | Build | Farm |
| 20:10 | Build | Settlement |
| 20:33 | Research | Gold Mining |
| 20:33 | Research | Gold Mining |
| 20:44 | Research | Stone Mining |
| 20:44 | Research | Stone Mining |
Match timeline
| 3:18 | [R1] Pume · wall_segment Palisade Wall x1 |
| 3:47 | [R1] Pume · wall_segment Palisade Wall x1 |
| 4:41 | [R1] Pume · first_building Barracks |
| 6:00 | Hoanginator · first_building Barracks |
| 7:07 | Hoanginator · wall_segment Palisade Wall x9 |
| 10:01 | [R1] Pume · age_up feudal |
| 10:29 | [R1] Pume · first_building Archery Range |
| 10:39 | Hoanginator · age_up feudal |
| 11:11 | Hoanginator · first_building Archery Range |
| 11:30 | [R1] Pume · wall_segment Palisade Wall x5 |
| 12:52 | [R1] Pume · wall_segment Palisade Wall x2 |
| 14:23 | [R1] Pume · wall_segment Palisade Wall x2 |
| 14:36 | [R1] Pume · wall_segment Palisade Wall x6 |
| 14:59 | Hoanginator · wall_segment Palisade Wall x4 |
| 15:01 | Hoanginator · wall_segment Palisade Wall x2 |
| 15:02 | [R1] Pume · wall_segment Palisade Wall x9 |
| 15:02 | Hoanginator · wall_segment Palisade Wall x5 |
| 15:03 | Hoanginator · wall_segment Palisade Wall x1 |
| 15:05 | Hoanginator · wall_segment Palisade Wall x5 |
| 15:06 | Hoanginator · wall_segment Palisade Wall x6 |
| 15:09 | Hoanginator · wall_segment Palisade Wall x4 |
| 15:31 | Hoanginator · wall_segment Palisade Wall x5 |
| 15:34 | Hoanginator · wall_segment Palisade Wall x7 |
| 15:34 | Hoanginator · wall_segment Palisade Wall x3 |
| 15:50 | Hoanginator · wall_segment Palisade Wall x1 |
| 15:56 | Hoanginator · wall_segment Palisade Wall x5 |
| 16:27 | [R1] Pume · wall_segment Palisade Wall x1 |
| 16:35 | [R1] Pume · wall_segment Palisade Wall x1 |
| 16:53 | [R1] Pume · wall_segment Palisade Wall x1 |
| 16:55 | [R1] Pume · wall_segment Palisade Wall x1 |
| 16:57 | Hoanginator · wall_segment Palisade Wall x1 |
| 17:12 | Hoanginator · wall_segment Palisade Wall x6 |
| 17:14 | [R1] Pume · wall_segment Palisade Wall x4 |
| 17:18 | Hoanginator · wall_segment Palisade Wall x5 |
| 17:18 | Hoanginator · wall_segment Palisade Wall x8 |
| 17:35 | [R1] Pume · wall_segment Palisade Wall x6 |
| 17:46 | Hoanginator · wall_segment Palisade Wall x5 |
| 17:57 | Hoanginator · wall_segment Palisade Wall x1 |
| 17:58 | Hoanginator · wall_segment Palisade Wall x1 |
| 17:59 | Hoanginator · wall_segment Palisade Wall x1 |
| 18:47 | Hoanginator · wall_segment Palisade Wall x1 |
| 19:05 | Hoanginator · wall_segment Palisade Wall x4 |
| 19:43 | Hoanginator · first_market_buy 500 food |
| 22:10 | [R1] Pume · age_up castle |
| 22:16 | [R1] Pume · first_building Castle |
| 22:20 | [R1] Pume · wall_segment Palisade Wall x1 |
| 22:25 | Hoanginator · age_up castle |
| 22:34 | [R1] Pume · first_building Monastery |
| 22:38 | Hoanginator · first_building Castle |
| 25:46 | Hoanginator · first_building Monastery |
| 26:15 | [R1] Pume · first_building Stable |
| 29:23 | Hoanginator · first_market_sell 100 wood |
| 30:00 | [R1] Pume · first_market_sell 100 stone |
| 30:01 | [R1] Pume · first_market_buy 100 food |
| 30:24 | [R1] Pume · first_building Siege Workshop |
| 32:35 | Hoanginator · age_up imperial |
| 34:43 | [R1] Pume · age_up imperial |
| 53:54 | [R1] Pume · resign |
[ AI ANALYSIS · 1 CREDIT ]
What really happened in this match?
Wolo.gg analyzes every decision: build order, eco, micro, common mistakes by bracket. Personalized analysis on WhatsApp or Discord in 30 seconds.
Civ guide
Mongols
Perfil
Jugador #1554380